AoeStats
← Shredded_Pork

MegaRandom

509882919Analyzed
4v4 RM · 3d ago on Sep 28, 2026· 48m 38s· 8 players
Game mode
Random Map
Map size
Large (8 player)
Population
200
Speed
Normal
Resources
Standard
Victory
Conquest
Starting age
Dark Age
Ending age
Imperial Age
RankedLock teamsTeams togetherTeam positionsShared explorationLock speedFull tech treeHidden civsTurbo modeCheats
Victory
Defeat
🇨🇳 Spanish · China
854
+15
🇨🇳 Saxons · China
844
+15
🇰🇷 Danes · South Korea
838
+16
🇨🇳 Magyars · China
765
+20
🇸🇰 Saracens · Slovakia
894
-19
🇫🇷 Bohemians · France
849
-17
🇬🇧 Teutons · United Kingdom
816
-16
🇩🇪 Franks · Germany
766
-14
Miss Priss
6:17 Loom
12:34 Feudal Age
14:35 Wheelbarrow
14:34 Double-Bit Axe
16:24 Fishing Lines
23:19 Castle Age
22:44 Gold Mining
22:44 Stone Mining
27:28 Bloodlines
27:49 Forging
27:45 Scale Barding Armor
29:56 Iron Casting
29:41 Chain Barding Armor
30:39 Hand Cart
33:02 Gillnets
35:10 Stone Mining
42:14 Imperial Age
42:22 Cavalier
43:36 Ballistics
45:23 Chemistry
Fireman
0:34 Loom
11:02 Feudal Age
11:39 Double-Bit Axe
11:39 Horse Collar
20:39 Castle Age
20:26 Stone Mining
22:12 Bow Saw
22:06 Heavy Plow
24:22 Wheelbarrow
29:57 Hand Cart
30:23 Husbandry
30:54 Town Watch
31:10 Gold Mining
31:57 Forging
31:53 Scale Barding Armor
32:01 Bloodlines
31:54 Light Cavalry
35:06 Iron Casting
37:00 Gold Shaft Mining
36:34 Caravan
39:36 Imperial Age
41:24 Conscription
40:40 Elite Mameluke
41:00 Hussar
43:18 Blast Furnace
夜影
0:51 Loom
2:04 Loom
11:16 Feudal Age
14:32 Double-Bit Axe
14:31 Horse Collar
18:56 Castle Age
20:04 Bow Saw
19:59 Heavy Plow
23:43 Wheelbarrow
22:53 Town Watch
24:50 Town Patrol
29:29 Hand Cart
31:34 Wagenburg Tactics
31:37 Pikeman
32:18 Squires
32:04 Arson
36:10 Imperial Age
36:10 Elite Skirmisher
38:20 Scale Mail Armor
38:30 Forging
38:26 Scale Barding Armor
38:21 Padded Archer Armor
38:12 Fletching
40:35 Chain Mail Armor
40:55 Iron Casting
41:22 Caravan
41:30 Capped Ram
41:30 Heavy Scorpion
43:22 Two-Man Saw
45:52 Coinage
45:32 Guilds
46:02 Plate Mail Armor
46:32 Blast Furnace
45:53 Chain Barding Armor
45:48 Leather Archer Armor
47:00 Chemistry
46:10 Masonry
46:06 Siege Engineers
45:56 Murder Holes
46:12 Fortified Wall
45:52 Guard Tower
46:23 Ballistics
45:48 Arrowslits
46:14 Clinker Construction
46:45 Onager
47:27 Bodkin Arrow
Rendben2744
0:33 Loom
10:29 Feudal Age
11:45 Wheelbarrow
10:57 Double-Bit Axe
10:59 Town Watch
14:25 Fishing Lines
17:43 Gold Mining
29:28 Castle Age
28:53 Scale Mail Armor
29:05 Forging
29:01 Scale Barding Armor
28:58 Padded Archer Armor
28:49 Fletching
30:35 Bow Saw
30:46 Husbandry
32:14 Gillnets
32:55 Stone Mining
COYS
9:34 Loom
11:40 Feudal Age
13:43 Wheelbarrow
13:49 Town Watch
14:32 Horse Collar
14:40 Double-Bit Axe
14:47 Stone Mining
14:56 Gold Mining
21:55 Castle Age
24:49 Bow Saw
32:50 Imperial Age
36:17 Elite Skirmisher
38:37 Squires
38:54 Hand Cart
39:55 Pikeman
41:37 Halberdier
43:01 Gold Shaft Mining
42:49 Heavy Plow
43:42 Elite Varangian Guard
44:09 Arson
43:53 Hamask
45:51 Stone Shaft Mining
45:34 Gambesons
45:31 Elite Jomsviking
47:30 Forging
47:22 Scale Mail Armor
Shredded_Pork
13:11 Feudal Age
13:40 Double-Bit Axe
15:18 Horse Collar
21:15 Castle Age
20:40 Stone Mining
20:41 Gold Mining
24:20 Bow Saw
24:52 Husbandry
25:31 Heavy Plow
30:14 Bloodlines
33:08 Caravan
35:07 Wheelbarrow
37:45 Imperial Age
36:37 Corvinian Army
37:00 Hand Cart
36:58 Scale Barding Armor
36:56 Padded Archer Armor
36:47 Fletching
38:46 Chain Barding Armor
38:44 Leather Archer Armor
39:18 Conscription
38:23 Cavalier
39:48 Parthian Tactics
38:45 Heavy Cavalry Archer
39:34 Thumb Ring
41:07 Two-Man Saw
40:49 Crop Rotation
40:56 Gold Shaft Mining
39:48 Paladin
47:25 Pikeman
48:11 Recurve Bow
Tamerlane
7:39 Loom
10:08 Feudal Age
12:20 Double-Bit Axe
14:09 Horse Collar
15:32 Fletching
20:51 Castle Age
19:39 Padded Archer Armor
21:30 Bodkin Arrow
21:04 Crossbowman
22:44 Ballistics
26:51 Town Watch
29:42 Bow Saw
35:02 Imperial Age
32:37 Caravan
32:21 Clerical Recruitment
33:20 Fortified Wall
33:21 Masonry
34:06 Wheelbarrow
34:15 Forging
34:05 Scale Mail Armor
35:02 Gold Mining
35:02 Stone Mining
35:19 Arson
35:35 Squires
35:20 Gambesons
36:18 Conscription
36:57 Chain Mail Armor
37:22 Murder Holes
38:07 Bracer
37:40 Pikeman
39:16 Iron Casting
39:11 Plate Mail Armor
39:23 Heavy Plow
39:12 Halberdier
40:25 Treadmill Crane
40:39 Shield Wall
43:15 Elite Varangian Guard
44:42 Hand Cart
45:58 Architecture
46:29 Chemistry
45:35 Siege Engineers
yyyyyliber
12:12 Feudal Age
17:45 Castle Age
16:53 Double-Bit Axe
16:51 Horse Collar
22:27 Bow Saw
29:11 Imperial Age
28:46 Padded Archer Armor
28:52 Scale Barding Armor
31:25 Thumb Ring
31:40 Leather Archer Armor
31:45 Chain Barding Armor
32:48 Elite Conquistador
35:15 Murder Holes
41:31 Ring Archer Armor
41:36 Plate Barding Armor
41:12 Forging
42:24 Chemistry
Connection lost

Rejoining the realm…

Still unreachable

The connection could not be restored.

Session expired

The server has moved on; the page needs a fresh start.